 Dungeon Crawl Stone Soup version 0.27.1-4-g1640c2035a (webtiles) character file.

Game seed: 18318212013781767303

232027 Johnny the Human Blade (level 20, -5/166 HPs)
             Began as a Human Berserker on Nov 2, 2021.
             Was a High Priest of Trog.
             Killed from afar by a deep elf zephyrmancer (20 damage)
             ... with a bolt of lightning
             ... on level 3 of the Elven Halls.
             The game lasted 00:35:58 (32769 turns).

Johnny the Human Blade (Human Berserker)           Turns: 32769, Time: 00:35:58

Health: -5/166     AC: 35    Str: 39    XL:     20   Next: 31%
Magic:  0/20       EV: 21    Int:  6    God:    Trog [*****.]
Gold:   1688       SH:  0    Dex: 24    Spells: 19/19 levels left

rFire    + + +     SeeInvis +   V - +5 great sword (venom)
rCold    + + .     Faith    .   (shield currently unavailable)
rNeg     + . .     Spirit   +   C - +7 plate armour "Dema" {Drain rF+ rC+ Str+3}
rPois    +         Reflect  .   K - +2 helmet {SInv}
rElec    .         Harm     .   I - +1 cloak of Kegay {*Corrode Regen+ Int-2 Dex+7}
rCorr    .         Rampage  .   H - +0 pair of gloves "Qaetim" {rF+ Str+5}
Will     +++..                  z - +2 pair of boots
Stlth    ..........             u - amulet of guardian spirit
HPRegen  2.37/turn              D - ring of Giebris {AC+4 Str+5 Stlth+}
MPRegen  0.17/turn              m - ring of Doubts {rPois rF+ rC+ rN+ Dex+4}

@: lethally poisoned (-5 -> -6), strong-willed, corroded, on berserk cooldown,
regenerating, slowed, very slow
A: no striking features
}: 1/15 runes: serpentine
a: Renounce Religion, Berserk, Trog's Hand, Brothers in Arms


You were on level 3 of the Elven Halls.
You worshipped Trog.
Trog was extremely pleased with you.
You visited 6 branches of the dungeon, and saw 32 of its levels.
You also visited: Sewer, Ossuary and Bailey.

You collected 4524 gold pieces.
You spent 2836 gold pieces at shops.

Inventory:

Hand Weapons
 a - a +7 scimitar
 o - a +3 great sword of flaming
 P - a +5 triple sword of flaming
 V - a +5 great sword of venom (weapon)
Missiles
 b - 9 throwing nets (quivered)
Armour
 z - a +2 pair of boots (worn)
 C - the +7 plate armour "Dema" (worn) {Drain rF+ rC+ Str+3}
   (You bought it in a shop on level 1 of the Dungeon)

   Str:       It affects your strength (+3).
   rF:        It protects you from fire.
   rC:        It protects you from cold.
   Drain:     It drains your maximum health when unequipped.
 G - a +0 troll leather armour
 H - the +0 pair of gloves "Qaetim" (worn) {rF+ Str+5}
   (You acquired it on level 6 of the Dungeon)

   Str:       It affects your strength (+5).
   rF:        It protects you from fire.
 I - the +1 cloak of Kegay (worn) {*Corrode Regen+ Int-2 Dex+7}
   (You found it on level 7 of the Dungeon)

   Int:       It affects your intelligence (-2).
   Dex:       It affects your dexterity (+7).
   Regen:     It increases your rate of health regeneration.
   *Corrode:  It may corrode you when you take damage.
 K - a +2 helmet of see invisible (worn)
Jewellery
 m - the ring of Doubts (right hand) {rPois rF+ rC+ rN+ Dex+4}
   (You bought it in a shop on level 3 of the Snake Pit)

   [ring of protection from cold]

   Dex:       It affects your dexterity (+4).
   rF:        It protects you from fire.
   rC:        It protects you from cold.
   rPois:     It protects you from poison.
   rN:        It protects you from negative energy.
 u - an amulet of guardian spirit (around neck)
 D - the ring of Giebris (left hand) {AC+4 Str+5 Stlth+}
   (You found it on level 8 of the Dungeon)

   [ring of protection]

   AC:        It affects your AC (+4).
   Str:       It affects your strength (+5).
   Stlth:     It makes you more stealthy.
 T - an amulet of regeneration
Wands
 v - a wand of iceblast (19)
 J - a wand of polymorph (9)
 N - a wand of digging (2)
 O - a wand of mindburst (20)
 S - a wand of acid (2)
 X - a wand of paralysis (7)
Scrolls
 d - 2 scrolls of blinking
 e - 8 scrolls of magic mapping
 k - 2 scrolls of torment
 l - 3 scrolls of silence
 s - 3 scrolls of fear
 w - 2 scrolls of holy word
 y - 8 scrolls of teleportation
 B - 3 scrolls of vulnerability
 M - 4 scrolls of enchant armour
 Z - 6 scrolls of identify
Potions
 c - 10 potions of haste
 f - 7 potions of might
 g - 19 potions of curing
 h - a potion of brilliance
 j - 5 potions of magic
 n - 2 potions of attraction
 p - 4 potions of resistance
 q - 5 potions of lignification
 r - 5 potions of cancellation
 t - 9 potions of heal wounds
 x - 4 potions of mutation
 A - 12 potions of flight
 E - 3 potions of degeneration
 L - 2 potions of berserk rage
 U - 2 potions of ambrosia
Miscellaneous
 i - a box of beasts
 R - a condenser vane


   Skills:
 + Level 16.7 Fighting
 + Level 21.2 Long Blades
 + Level 15.3 Armour
 + Level 15.3 Dodging


You had 19 spell levels left.
You didn't know any spells.
Your spell library was empty.

Dungeon Overview and Level Annotations

Branches:
Dungeon (14/15)            Temple (0/1) D:7            Lair (6/6) D:11
 Shoals (3/4) Lair:4        Snake (4/4) Lair:4        Slime (0/5) Lair:6
    Orc (2/2) D:9             Elf (3/3) Orc:2         Sewer (visited)
Ossuary (visited)          Bailey (visited)
 Vaults: D:13-14

Altars:
Ashenzari
Cheibriados
Dithmenos
Elyvilon
Gozag
Okawaru
Qazlal
Ru
Sif Muna
Uskayaw
Vehumet
Wu Jian
Xom
Yredelemnul
Zin
Beogh
Jiyva

Shops:
D:1 [   D:12 *   Orc:2 !*([   Elf:1 *   Snake:3 *   Snake:4 :==

Annotations:
Orc:2 2 transporters, pzskc383's ghost, journeyman GrFi
Elf:1 3 runed translucent doors, Skiberibeda's ghost, adept GrEE; Xihoome's ghost, veteran MiGl; heteroy's ghost, adept GrFi; kalagan's ghost, journeyman DECj; rrossfarrar's ghost, adept FeBe


Message History

The deep elf death mage is heavily wounded.
You are no longer berserk.
You are exhausted.
You feel yourself slow down.
You feel sick.
You are no longer poisoned.
The blizzard demon misses you. The blizzard demon hits you!
The deep elf sorcerer gestures at you while chanting.
The bolt of acid hits you!
* * * LOW HITPOINT WARNING * * *
You are splashed with acid!
* * * LOW HITPOINT WARNING * * *
The deep elf death mage closely misses you.
Blink to where?
Press: ? - help, Dir - move target
As you read the scroll of blinking, it crumbles to dust.
The sun demon disappears in a puff of smoke!
The deep elf sorcerer points at you and mumbles some strange words.
The bolt of acid misses you.
The deep elf high priest mumbles some strange prayers to its god against you.
The sphere of damnation explodes!
The damnation engulfs you!!
* * * LOW HITPOINT WARNING * * *
The deep elf demonologist gestures wildly while chanting.
The deep elf demonologist mumbles some strange words.
The deep elf demonologist gestures wildly while chanting.
Blink to where?
Press: ? - help, Dir - move target A deep elf zephyrmancer comes into view.
It is wielding a +0 rapier.
As you read the scroll of blinking, it crumbles to dust.
The rust devil screeches!
The deep elf zephyrmancer shouts!
The sixfirhy barely misses you.
You riposte.
You barely miss the sixfirhy.
The deep elf annihilator gestures at you while chanting.
The poison arrow hits you!
You are poisoned.
You partially resist.
* * * LOW HITPOINT WARNING * * *
The deep elf demonologist casts a spell.
The deep elf zephyrmancer casts a spell at you.
The bolt of lightning misses the sixfirhy.
The bolt of lightning hits you!!
You die...

+.# #.## #.# ##..# #.# ###...#
#.# #####.....# #.#
#.........# #.# ###.........##
#.# .##'.......#'###.#
..'##.....###.##@#####
...######## ##'#3....## ....#
##.......##
....##########.........#
....'........'........ยง#
....##########.......e.#######
....# #######..e2.4e........#
...## #.)...4e.ee.1...#.#####
..## ##.#####..e4.......###


You could see a Tzitzimitl (summoned), a cacodemon (summoned), a deep elf
annihilator (empowered), a deep elf sorcerer (fast, empowered), 3 deep elf
demonologists, a rust devil (summoned), a deep elf zephyrmancer (empowered), a
sixfirhy (summoned) and a red devil (summoned).

Vanquished Creatures
  Rupert (Lair:6)
  A deep elf blademaster (Elf:3)
  Frances (Elf:1)
  Gastronok (Lair:1)
  Kirke (Shoals:1)
  7 nagarajas
  Louise (Snake:1)
  A deep elf sorcerer (Elf:1)
  Aizul (Snake:3)
  4 deep elf elementalists (Elf:3)
  A deep elf demonologist (Elf:3)
  6 deep elf annihilators
  A merfolk impaler (Shoals:2)
  2 deep elf death magi (Elf:3)
  A fire dragon (Lair:6)
  2 merfolk javelineers
  12 naga warriors
  A deep elf high priest (Elf:3)
  10 hydras
  2 boulder beetles
  Harold (D:7)
  A catoblepas (Lair:6)
  3 two-headed ogres
  3 merfolk aquamancers (Shoals:3)
  2 satyrs
  13 anacondas
  A centaur warrior (D:13)
  27 dancing weapons
  8 death yaks
  5 orc high priests (Orc:2)
  Urug (Lair:4)
  18 deep elf knights
  8 naga sharpshooters
  4 shock serpents
  15 sea snakes
  4 deep elf archers
  An obsidian statue (D:10)
  5 naga ritualists
  The ghost of harness the Zephyrmancer, a novice TeAE of Vehumet (D:7)
  10 orc knights
  24 deep elf pyromancers
  4 oklob plants (Lair:5)
  A lindwurm (Lair:6)
  12 harpies
  8 ugly things
  8 mana vipers
  21 deep elf zephyrmancers
  2 orc sorcerers
  6 manticores
  4 cyclopes
  5 salamanders
  12 fauns
  5 water nymphs
  37 black mambas
  8 merfolk sirens
  6 guardian serpents
  A torpor snail (Lair:4)
  2 molten gargoyles (Lair:6)
  A cane toad (shapeshifter) (Elf:2)
  16 naga magi
  A gargoyle (D:12)
  6 cane toads
  Maggie (D:7)
  2 rime drakes
  3 kobold demonologists
  An unseen horror (D:10)
  8 komodo dragons
  Psyche (D:11)
  A freezing wraith (D:12)
  A troll (shapeshifter) (Elf:1)
  3 meliai (D:13)
  10 merfolk
  3 polar bears
  A wind drake (shapeshifter) (D:13)
  3 trolls
  3 wind drakes
  16 blink frogs
  17 dream sheep
  4 slime creatures (D:13)
  A snapping turtle (Shoals:2)
  2 shadows
  11 wyverns
  10 water elementals
  6 wraiths
  3 air elementals
  5 basilisks (Lair:6)
  34 yaks
  4 fire elementals
  A hog (Shoals:1)
  2 vampires
  4 steam dragons
  2 vampire mosquitoes (D:13)
  2 wargs
  42 nagas
  Duvessa (D:5)
  18 water moccasins
  3 hell hounds (Lair:6)
  52 orc warriors
  A necrophage (D:4)
  2 ice beasts
  3 ogres
  A sky beast (D:6)
  32 wolves
  7 centaurs
  Blork the orc (D:5)
  8 kobold brigands
  16 bullfrogs
  A wyvern zombie (D:8)
  A gnoll sergeant (D:6)
  Dowan (D:5)
  An earth elemental (Elf:1)
  2 scorpions
  A wyvern skeleton (D:7)
  17 killer bees
  An electric eel (D:11)
  10 wights
  6 howler monkeys
  4 lava snakes (Lair:6)
  9 centaur zombies
  2 bullfrog skeletons
  A bullfrog zombie (D:6)
  4 hounds
  A gnoll shaman (D:4)
  33 orc priests
  13 orc wizards
  A killer bee zombie (D:8)
  2 howler monkey zombies
  9 gnolls
  12 adders
  A river rat (Sewer)
  A shadow imp (D:7)
  2 ufetubi
  2 adder zombies (Ossuary)
  A worm zombie (D:6)
  An adder skeleton (D:5)
  3 worms
  3 dart slugs (D:2)
  104 orcs
  7 ball pythons
  12 endoplasms
  A giant cockroach (D:3)
  9 goblins
  4 hobgoblins
  12 jackals
  19 kobolds
  2 quokkas
  2 bats (D:1)
  A frilled lizard (D:1)
  A hobgoblin zombie (Ossuary)
  A kobold zombie (Ossuary)
  2 orc skeletons (Ossuary)
  An orc zombie (Ossuary)
  15 rats
1069 creatures vanquished.

Vanquished Creatures (collateral kills)
  2 nagarajas (Snake:4)
  A naga warrior (Snake:4)
  An anaconda (Snake:1)
  A dancing weapon (Elf:2)
  2 naga sharpshooters (Snake:4)
  2 sea snakes
  2 naga ritualists (Snake:1)
  2 deep elf zephyrmancers
  A faun (Shoals:3)
  2 merfolk sirens
  A guardian serpent (Snake:4)
  2 naga magi
  4 merfolk
  2 snapping turtles
  A water elemental (Shoals:3)
  2 nagas (Snake:4)
28 creatures vanquished.

Vanquished Creatures (others)
  A deep elf zephyrmancer (Elf:1)
  8 fungi
  26 plants
35 creatures vanquished.

Grand Total: 1132 creatures vanquished

Notes
Turn   | Place    | Note
-------+----------+-------------------------------------------
     0 | D:1      | Johnny the Human Berserker began the quest for the Orb.
     0 | D:1      | Reached XP level 1. HP: 18/18 MP: 1/1
    43 | D:1      | Found Ifuheum's Antique Armour Boutique.
   772 | D:1      | Reached XP level 2. HP: 16/24 MP: 2/2
  1276 | D:1      | Found a faded altar of an unknown god.
  1324 | D:1      | Reached XP level 3. HP: 29/29 MP: 3/3
  1980 | D:2      | Reached skill level 4 in Long Blades
  2124 | D:2      | Reached ** piety under Trog
  2125 | D:2      | Reached XP level 4. HP: 32/36 MP: 4/4
  2902 | D:3      | Found a shadowy altar of Dithmenos.
  2968 | D:3      | Noticed a scorpion
  2976 | D:3      | Killed a scorpion
  2977 | D:3      | Reached XP level 5. HP: 42/42 MP: 5/5
  3070 | D:3      | Reached skill level 5 in Long Blades
  3074 | D:3      | Found a glowing drain.
  3081 | Sewer    | Entered a sewer
  3497 | Sewer    | Noticed a kobold brigand
  3518 | Sewer    | Killed a kobold brigand
  3519 | Sewer    | Reached XP level 6. HP: 32/49 MP: 6/6
  3927 | Sewer    | Reached skill level 6 in Long Blades
  4660 | D:4      | Reached XP level 7. HP: 54/55 MP: 7/7
  4728 | D:4      | Reached skill level 5 in Fighting
  5102 | D:4      | Reached *** piety under Trog
  5103 | D:4      | Reached skill level 7 in Long Blades
  5414 | D:5      | Entered Level 5 of the Dungeon
  5456 | D:5      | Noticed Duvessa
  5456 | D:5      | Noticed Dowan
  5468 | D:5      | Killed Duvessa
  5479 | D:5      | Killed Dowan
  5480 | D:5      | Reached XP level 8. HP: 63/63 MP: 8/8
  5789 | D:5      | Noticed Blork the orc
  5790 | D:5      | Noticed a shadow
  5803 | D:5      | Killed Blork the orc
  5815 | D:5      | Killed a shadow
  5816 | D:5      | Reached skill level 8 in Long Blades
  6366 | D:6      | Reached skill level 9 in Long Blades
  6366 | D:6      | Reached XP level 9. HP: 60/71 MP: 6/9
  6369 | D:6      | Found a sand-covered staircase.
  6381 | Ossuary  | Entered an ossuary
  7109 | D:6      | Found a shimmering blue altar of Sif Muna.
  7194 | D:6      | Reached skill level 10 in Long Blades
  7440 | D:6      | Found a stormy altar of Qazlal.
  7548 | D:6      | Found a white marble altar of Elyvilon.
  8012 | D:6      | Identified 2 scrolls of acquirement
  8012 | D:6      | Acquired the +0 pair of gloves "Qaetim" {rF+ Str+5}
  8027 | D:6      | Acquired a manual of Long Blades
  8088 | D:7      | Reached skill level 11 in Long Blades
  8128 | D:7      | Found a snail-covered altar of Cheibriados.
  8128 | D:7      | Found a glowing silver altar of Zin.
  8223 | D:7      | Noticed Maggie
  8231 | D:7      | Killed Maggie
  8232 | D:7      | Reached skill level 12 in Long Blades
  8232 | D:7      | Reached XP level 10. HP: 75/80 MP: 8/10
  8261 | D:7      | Noticed a cyclops
  8269 | D:7      | Killed a cyclops
  8270 | D:7      | Reached skill level 13 in Long Blades
  8474 | D:7      | Found a runed translucent gate.
  8558 | D:7      | Found a runed translucent gate.
  8558 | D:7      | Found a runed translucent gate.
  8559 | D:7      | Noticed harness's ghost (novice TeAE)
  8574 | D:7      | Found a staircase to the Ecumenical Temple.
  8623 | D:7      | Noticed Harold
  8632 | D:7      | Killed Harold
  8633 | D:7      | Reached skill level 14 in Long Blades
  8869 | D:7      | Reached skill level 15 in Long Blades
  8880 | D:7      | Killed harness's ghost
  8906 | D:7      | Identified the +1 cloak of Kegay {*Corrode Regen+ Int-2
                  | Dex+7}
  9021 | D:8      | Reached XP level 11. HP: 86/86 MP: 8/11
  9059 | D:8      | Found a sacrificial altar of Ru.
  9059 | D:8      | Found a basalt altar of Yredelemnul.
  9076 | D:8      | Found a flagged portal.
  9080 | Bailey   | Entered a bailey
  9080 | Bailey   | Noticed an orc knight
  9091 | Bailey   | Reached skill level 16 in Long Blades
  9115 | Bailey   | Reached **** piety under Trog
  9194 | Bailey   | Killed an orc knight
  9294 | Bailey   | Identified the +10 dire flail of Mipiomym {holy, Will-
                  | Str+5 Int+4 SInv}
  9353 | D:8      | Found an ornate altar of the Wu Jian Council.
  9469 | D:8      | Found a broken altar of Ashenzari.
  9469 | D:8      | Found a hide-covered altar of Uskayaw.
  9471 | D:8      | Found a shimmering altar of Xom.
  9471 | D:8      | Found an opulent altar of Gozag.
  9489 | D:8      | Found a radiant altar of Vehumet.
  9493 | D:8      | Noticed a two-headed ogre
  9510 | D:8      | Killed a two-headed ogre
  9822 | D:8      | Identified the ring of Giebris {AC+4 Str+5 Stlth+}
  9832 | D:8      | Reached ***** piety under Trog
 10103 | D:9      | Found an iron altar of Okawaru.
 10228 | D:9      | Acquired 352 gold pieces
 10431 | D:9      | Found a staircase to the Orcish Mines.
 10449 | D:9      | Reached XP level 12. HP: 60/94 MP: 6/12
 10741 | D:9      | Reached skill level 17 in Long Blades
 11098 | Orc:1    | Entered Level 1 of the Orcish Mines
 11553 | Orc:1    | Reached skill level 5 in Dodging
 11557 | Orc:1    | Reached skill level 5 in Armour
 11615 | Orc:1    | Noticed a two-headed ogre
 11623 | Orc:1    | Killed a two-headed ogre
 11799 | Orc:2    | Entered Level 2 of the Orcish Mines
 11952 | Orc:2    | Found a staircase to the Elven Halls.
 11995 | Orc:2    | Found a transporter.
 11995 | Orc:2    | Noticed pzskc383's ghost (journeyman GrFi)
 11997 | Orc:2    | Noticed a soul eater
 12003 | Orc:2    | Found a transporter.
 12103 | Orc:2    | Received a gift from Trog
 12543 | Orc:2    | Noticed an orc high priest
 12551 | Orc:2    | Noticed an orc high priest
 12553 | Orc:2    | Killed an orc high priest
 12554 | Orc:2    | Reached skill level 10 in Fighting
 12554 | Orc:2    | Reached XP level 13. HP: 103/103 MP: 10/13
 12950 | Orc:2    | Found Foelyolo's Distillery.
 12950 | Orc:2    | Found Gefy's Armour Shop.
 12951 | Orc:2    | Found Rinuy's General Store.
 12951 | Orc:2    | Found Muuh's Weapon Shop.
 12959 | Orc:2    | Bought a potion of curing for 45 gold pieces
 12959 | Orc:2    | Bought a potion of flight for 45 gold pieces
 12966 | Orc:2    | Bought 3 potions of curing for 117 gold pieces
 12966 | Orc:2    | Bought a potion of curing for 39 gold pieces
 12966 | Orc:2    | Bought a potion of cancellation for 104 gold pieces
 12966 | Orc:2    | Bought a potion of lignification for 39 gold pieces
 12966 | Orc:2    | Bought a potion of might for 52 gold pieces
 12966 | Orc:2    | Bought 2 potions of might for 104 gold pieces
 12966 | Orc:2    | Bought a potion of curing for 39 gold pieces
 12966 | Orc:2    | Bought a potion of resistance for 130 gold pieces
 13294 | D:1      | Bought a distressingly furry plate armour for 728 gold
                  | pieces
 13294 | D:1      | Identified the +7 plate armour "Dema" {Drain rF+ rC+ Str+3}
                  | (You bought it in a shop on level 1 of the Dungeon)
 13563 | D:10     | Entered Level 10 of the Dungeon
 14446 | D:11     | Noticed Psyche
 14455 | D:11     | Killed Psyche
 14470 | D:11     | Found a staircase to the Lair.
 15044 | D:12     | Noticed a boulder beetle
 15062 | D:12     | Killed a boulder beetle
 15143 | D:12     | Found Plog's Serpentskin Sales.
 15437 | D:12     | Reached skill level 18 in Long Blades
 16369 | D:12     | Acquired 1031 gold pieces
 16413 | D:13     | Reached XP level 14. HP: 113/113 MP: 12/14
 17277 | Lair:1   | Entered Level 1 of the Lair of Beasts
 17521 | Lair:1   | Noticed Gastronok
 17534 | Lair:1   | Killed Gastronok
 17640 | Lair:1   | Reached ****** piety under Trog
 18473 | Lair:2   | Received a gift from Trog
 19600 | Lair:3   | Reached XP level 15. HP: 121/121 MP: 15/15
 19715 | Lair:4   | Found a staircase to the Shoals.
 19766 | Lair:4   | Reached skill level 10 in Armour
 19770 | Lair:4   | Reached skill level 10 in Dodging
 19770 | Lair:4   | Noticed Urug
 19804 | Lair:4   | Killed Urug
 19945 | Lair:4   | Received a gift from Trog
 20256 | Lair:4   | Found a staircase to the Snake Pit.
 20786 | Shoals:1 | Entered Level 1 of the Shoals
 21325 | Lair:5   | Reached skill level 19 in Long Blades
 21407 | Lair:5   | Received a gift from Trog
 21564 | Lair:6   | Entered Level 6 of the Lair of Beasts
 21813 | Lair:6   | Found a viscous altar of Jiyva.
 21813 | Lair:6   | Found a staircase to the Slime Pits.
 21892 | Lair:6   | Reached XP level 16. HP: 131/131 MP: 16/16
 22046 | Lair:6   | Found a large runed translucent door.
 22048 | Lair:6   | Found a large runed translucent door.
 22172 | Lair:6   | Noticed Rupert
 22189 | Lair:6   | Killed Rupert
 22987 | Snake:1  | Entered Level 1 of the Snake Pit
 23401 | Snake:1  | Received a gift from Trog
 23411 | Snake:1  | HP: 5/132 [poisoned by a naga mage (splash of poison)]
 23717 | Snake:1  | Noticed Louise
 23731 | Snake:1  | Killed Louise
 24251 | Snake:2  | Found a radiant altar of Vehumet.
 24634 | Snake:2  | Reached XP level 17. HP: 138/139 MP: 17/17
 25122 | Snake:3  | Received a gift from Trog
 25236 | Snake:3  | Noticed Aizul
 25258 | Snake:3  | Killed Aizul
 26085 | Snake:3  | Found Hualecs's Specific Store.
 26088 | Snake:3  | Found Hestaum's General Store.
 26093 | Snake:3  | Bought a potion of lignification for 45 gold pieces
 26093 | Snake:3  | Bought a scroll of identify for 30 gold pieces
 26093 | Snake:3  | Bought a potion of haste for 150 gold pieces
 26093 | Snake:3  | Bought a potion of flight for 45 gold pieces
 26261 | Snake:3  | Bought the ring of Doubts {rPois rF+ rC+ rN+ Dex+4} for
                  | 1004 gold pieces
 26284 | Snake:4  | Entered Level 4 of the Snake Pit
 26557 | Snake:4  | Reached skill level 20 in Long Blades
 26712 | Snake:4  | Received a gift from Trog
 26864 | Snake:4  | Reached XP level 18. HP: 148/148 MP: 13/18
 26953 | Snake:4  | Reached skill level 15 in Fighting
 27043 | Snake:4  | Got a serpentine rune of Zot
 27189 | Snake:4  | Found Fats's Jewellery Emporium.
 27191 | Snake:4  | Found Geownof's Book Shop.
 27192 | Snake:4  | Found Fudoixt's Jewellery Emporium.
 27525 | Shoals:1 | Found Dycliz's Gadget Gallery.
 27978 | Shoals:1 | Noticed Kirke
 27991 | Shoals:1 | Killed Kirke
 29383 | Shoals:2 | Reached XP level 19. HP: 56/157 MP: 8/19
 29857 | Elf:1    | Entered Level 1 of the Elven Halls
 29983 | Elf:1    | Found Kebomo's General Store.
 29996 | Elf:1    | Bought a scroll of teleportation for 45 gold pieces
 29996 | Elf:1    | Bought a potion of heal wounds for 75 gold pieces
 30048 | Elf:1    | Found a radiant altar of Vehumet.
 30303 | Elf:1    | Found a runed translucent gate.
 30303 | Elf:1    | Found a runed translucent gate.
 30303 | Elf:1    | Found a runed translucent gate.
 30303 | Elf:1    | Noticed Xihoome's ghost (veteran MiGl)
 30304 | Elf:1    | Noticed kalagan's ghost (journeyman DECj)
 30304 | Elf:1    | Noticed Skiberibeda's ghost (adept GrEE)
 30304 | Elf:1    | Noticed rrossfarrar's ghost (adept FeBe)
 30304 | Elf:1    | Noticed heteroy's ghost (adept GrFi)
 30322 | Elf:1    | Paralysed by an air elemental for 1 turns
 30568 | Elf:1    | Noticed Frances
 30578 | Elf:1    | Killed Frances
 30676 | Elf:1    | Received a gift from Trog
 31155 | Elf:1    | Paralysed by an air elemental for 1 turns
 31333 | Elf:2    | Reached skill level 21 in Long Blades
 31486 | Elf:2    | Found a runed translucent gate.
 31486 | Elf:2    | Found a runed translucent gate.
 31486 | Elf:2    | Found a runed translucent gate.
 31698 | Elf:2    | Reached skill level 15 in Dodging
 31703 | Elf:2    | Reached skill level 15 in Armour
 31729 | Elf:2    | Identified the +3 quarterstaff of Yesterday {flame, rPois
                  | rN+ Str+7}
 31785 | Elf:2    | Received a gift from Trog
 31786 | Elf:2    | Reached XP level 20. HP: 145/166 MP: 16/20
 32050 | Elf:3    | Entered Level 3 of the Elven Halls
 32700 | Elf:3    | Identified the ring of Liteawi {Ice Str+3 Dex+3 Slay-4}
 32751 | Elf:3    | Noticed a Brimstone Fiend
 32762 | Elf:3    | Noticed a Tzitzimitl
 32769 | Elf:3    | Killed from afar by a deep elf zephyrmancer

Illustrated notes

Levels and vault maps discovered:
D:1:      lightli_arrival_noodles, layout_basic,
          ebering_ecumenical_altar_abandoned, serial_shops, shop
D:2:      layout_loops_corners
D:3:      layout_basic, mainiacjoe_overflow_concentric_impassable,
          portal_sewer_entry_e
D:4:      layout_basic
D:5:      layout_basic, minmay_misc_feat_rugged, uniq_blork_the_orc,
          uniq_duvessa
D:6:      layout_cave_pods, mainiacjoe_overflow_tiny_flanked,
          mainiacjoe_overflow_catwalk, grunt_qazlal_clouds, enter_ossuary_3
D:7:      layout_cave_pools, chequers_temple_overflow_statue_of_worship,
          temple_doors_cd, biasface_ghost_orc_armoury, eino_jars, uniq_maggie,
          uniq_harold
D:8:      layout_loops_cross, lemuel_doored_altar, vehumet_crystals,
          grunt_temple_overflow_open, enter_bailey_1, special_room
          [special_room_orc], minmay_between
D:9:      layout_stronghold, mainiacjoe_overflow_chevrons, david_orc_2
D:10:     layout_stronghold, minmay_statue_bubble
D:11:     layout_basic, erik_lair_island, serial_rivers,
          chequers_serial_rivers_room_b, chequers_serial_rivers_large_a,
          chequers_serial_rivers_small_b, chequers_serial_rivers_marsh,
          chequers_serial_rivers_micro_b, chequers_serial_rivers_micro_e,
          uniq_psyche
D:12:     layout_layer_cave, guppyfry_shop_venom
D:13:     layout_roguey
D:14:     layout_cave_pools, david_vaults_1, serial_bayou_pond_d
Lair:1:   layout_small_grid, infiniplex_staircase_pool_2, uniq_gastronok
Lair:2:   layout_regular_city, lemuel_fruit_tree
Lair:3:   layout_cave_shapes
Lair:4:   layout_regular_city, minmay_shoals_entry_lonely_mermaid,
          minmay_snake_entry_guardpost_medium, grunt_forest_large_clearings,
          uniq_urug
Lair:5:   layout_hall_layers, chequers_serial_rivers_micro_d,
          minmay_lair_oklob_chamber
Lair:6:   cheibrodos_lair_end_hotspot, layout_big_grid, slime_altar_1,
          serial_bayou_pond_e, serial_bayou_shore_b, uniq_rupert
Shoals:1: layout_shoals, nicolae_shop_gadgets, uniq_kirke
Shoals:2: layout_shoals
Shoals:3: layout_shoals
Snake:1:  layout_cave_pods, minmay_snake_pond, uniq_louise
Snake:2:  layout_misc_corridors, basic_altar, grunt_megastairs_4
Snake:3:  layout_honeycomb, nicolae_specific_store, uniq_aizul
Snake:4:  grunt_snake_rune_pools, layout_misc_corridors, drop_trap,
          grunt_ministairs_14, serial_bayou_shore_b, minmay_shop_grove
Orc:1:    layout_caves, mines1_david
Orc:2:    st_orc_pillars, layout_caves, gammafunk_ghost_arena
Elf:1:    nicolae_elf_arrival_fired_up, layout_onion_city, basic_altar,
          serial_shops, nicolae_shop_stone, gammafunk_ghost_cemetery,
          hangedman_elven_crosses_minicolossus, uniq_frances
Elf:2:    elven_hall_of_blades_hangedman_original
          [nicolae_blade_entry_floor_patterns], layout_loops_cross
Elf:3:    minmay_elf_hall_spiked, layout_geoelf_diagonals,
          nicolae_elf_martial_mastery

Skill      XL: |  1  2  3  4  5  6  7  8  9 10 11 12 13 14 15 16 17 18 19 |
---------------+----------------------------------------------------------+-----
Long Blades    | 4 5 6 7 9 12 15 16 17 18 19 20 21 | 21.2
Fighting       | 4 5 6 7 8 10 11 12 13 14 15 16 | 16.7
Armour         | 3 6 8 9 11 12 13 14 15 | 15.3
Dodging        | 4 6 8 9 11 12 13 14 15 | 15.3

Action                   |  1- 3 |  4- 6 |  7- 9 | 10-12 | 13-15 | 16-18 | 19-21 || total
-------------------------+-------+-------+-------+-------+-------+-------+-------++-------
Melee: Falchion          |    74 |    22 |    54 |       |       |       |       ||   150
       Dagger            |       |   178 |   194 |       |       |       |       ||   372
       Scimitar          |       |       |    73 |   588 |   980 |   419 |       ||  2060
       Great sword       |       |       |       |       |       |   605 |   438 ||  1043
Throw: Throwing net      |       |       |       |       |       |     1 |       ||     1
Invok: Berserk           |     3 |     2 |     7 |    15 |    18 |    17 |     6 ||    68
       Trog's Hand       |       |     1 |     4 |    17 |     7 |    19 |     9 ||    57
       Brothers in Arms  |       |       |       |       |     1 |    11 |     3 ||    15
Evoke: Wand              |       |       |     8 |    26 |    22 |     2 |     4 ||    62
  Use: Scroll            |       |       |    11 |     7 |    13 |     8 |     3 ||    42
       Potion            |       |       |       |       |       |     5 |       ||     5
 Stab: Paralysed         |       |       |       |       |     3 |       |       ||     3
       Distracted        |       |       |       |       |       |     2 |     1 ||     3
       Held in net/web   |       |       |       |       |       |     1 |       ||     1
Armor: Animal skin       |     9 |       |       |       |       |       |       ||     9
       Ring mail         |     9 |    60 |    90 |   183 |    26 |       |       ||   368
       Steam dragon scal |       |       |       |    30 |       |       |       ||    30
       Plate armour      |       |       |       |       |   684 |   632 |   199 ||  1515
Dodge: Dodged            |    38 |    85 |   166 |   445 |   690 |   927 |   251 ||  2602
Block: Other             |       |    51 |    14 |       |       |       |       ||    65
       Reflection        |       |     2 |       |       |       |       |       ||     2
       Rpst.: Falchion   |    12 |     1 |     6 |       |       |       |       ||    19
       Scimitar          |       |       |    12 |   113 |   161 |    69 |       ||   355
       Great sword       |       |       |       |       |       |   123 |    61 ||   184
